 Dungeon Crawl Stone Soup version 0.18-a0-1311-g779ca93 (webtiles) character file.

240145 Gorice the Impaler (level 19, -8/183 HPs)
             Began as a Minotaur Wanderer on Feb 11, 2016.
             Was the Champion of Okawaru.
             Killed from afar by Asterion (38 damage)
             ... with an iron shot
             ... on level 4 of the Spider Nest on Feb 13, 2016.
             The game lasted 04:05:08 (43971 turns).

Gorice the Impaler (Minotaur Wanderer)             Turns: 43971, Time: 04:05:08

Health: -8/183     AC: 47    Str: 25    XL:     19   Next: 4%
Magic:  24/24      EV: 21    Int: 11    God:    Okawaru [******]
Gold:   594        SH:  5    Dex: 23    Spells: 0 memorised, 18 levels left

rFire  . . .     SeeInvis .     a - +3 glaive (chop)
rCold  . . .     Gourm    .     p - +8 orange crystal plate armour {Archmagi, Int+3 Clar SustAt}
rNeg   . . .     Faith    .     (shield currently unavailable)
rPois  +         Spirit   .     R - +1 hat
rElec  .         Dismiss  .     G - +2 cloak {MR+}
rCorr  .         Reflect  +     k - +0 pair of gloves {Str+3}
SustAt +         Harm     .     C - +2 pair of boots
MR     ++...     Clarity  +     E - +5 amulet of reflection
Stlth  ..........               J - ring of poison resistance
                                e - ring "Meqimnum" {Wiz Dex+7}

@: heroism, very slightly contaminated, hasted, very quick, very resistant to
hostile enchantments, extremely unstealthy
A: retaliatory headbutt, horns 2, agile 1
a: Heroism, Finesse, Renounce Religion
}: 1/15 runes: decaying


You were on level 4 of the Spider Nest.
You worshipped Okawaru.
Okawaru was exalted by your worship.
You were very hungry.

You visited 6 branches of the dungeon, and saw 34 of its levels.
You also visited: Bailey.

You collected 3377 gold pieces.
You spent 2783 gold pieces at shops.

Inventory:

Hand Weapons
 a - a +3 glaive of chopping (weapon)
   (Okawaru gifted it to you on level 8 of the Lair of Beasts)
 b - a +0 blowgun
 v - a +4 trident of venom
   (You found it on level 8 of the Lair of Beasts)
Missiles
 f - 5 javelins of returning (quivered)
 O - 15 curare-tipped needles
 P - 15 javelins
 W - 3 poisoned javelins
 Y - a throwing net
Armour
 k - a +0 pair of gloves of strength (worn)
   (Okawaru gifted it to you on level 1 of the Spider Nest)
 p - the +8 orange crystal plate armour (worn) {Archmagi, Int+3 Clar SustAt}
   (You bought it in a shop on level 6 of the Dungeon)

   It affects your intelligence (+3).
   It sustains your strength, intelligence and dexterity.
   It protects you against confusion.
 C - a +2 pair of boots (worn)
 G - a +2 cloak of magic resistance (worn)
   (You took it off Nikola on level 1 of the Spider Nest)
 R - a +1 hat (worn)
Rods
 I - a +2 iron rod (13/13) {!a}
   (You found it on level 2 of the Spider Nest)
 S - a +0 rod of ignition (10/10) {!a}
   (You found it on level 12 of the Dungeon)
Jewellery
 e - the ring "Meqimnum" (left hand) {Wiz Dex+7}
   (You found it on level 9 of the Dungeon)

   [ring of wizardry]

   It improves your spell success rate.
   It affects your dexterity (+7).
 i - an uncursed ring of see invisible
 B - an uncursed ring of protection from cold
 D - an uncursed ring of protection from magic
 E - a +5 amulet of reflection (around neck)
 H - an uncursed ring of fire
 J - a ring of poison resistance (right hand)
Wands
 u - a wand of iceblast (5/15)
 K - a wand of paralysis (6/24)
Scrolls
 c - 4 scrolls of fear {!r}
 n - 3 scrolls of fog
 t - 8 scrolls of remove curse
 w - a scroll of magic mapping {!r}
 x - 2 scrolls of identify
 M - 3 scrolls of teleportation {!r}
 V - 6 scrolls of summoning {!r}
 X - 6 scrolls of blinking
Potions
 g - 5 potions of flight
 h - 5 potions of heal wounds {!q}
 j - 5 potions of berserk rage
 l - 4 potions of resistance {!q}
 m - 2 potions of agility {!q}
 o - 4 potions of haste {!q}
 s - 17 potions of curing
 z - 2 potions of might {!q}
 A - a potion of cancellation {!q}
 Q - 3 potions of invisibility {!q}
Miscellaneous
 y - a lamp of fire
Comestibles
 d - 16 bread rations {!e}
 q - a chunk of flesh
 r - 20 fruits


   Skills:
 + Level 19.5(24.5) Fighting
 + Level 20.2(25.2) Polearms
 + Level 9.8(14.8) Throwing
 - Level 18.0(23.0) Armour
 - Level 15.0(20.0) Dodging
   Level 2.1 Necromancy
 - Level 8.0 Invocations
 + Level 3.0 Evocations


You had 18 spell levels left.
You didn't know any spells.

Dungeon Overview and Level Annotations

Branches:
Dungeon (15/15)            Temple (1/1) D:6            Lair (8/8) D:10
  Swamp (4/4) Lair:3       Spider (4/4) Lair:6        Slime (0/6) Lair:8
    Orc (2/2) D:12            Elf (0/3) Orc:2        Vaults (0/5) D:13
 Depths (0/5) D:15

Altars:
Ashenzari
Cheibriados
Dithmenos
Elyvilon
Fedhas
Gozag
Kikubaaqudgha
Makhleb
Nemelex Xobeh
Okawaru
Pakellas
Qazlal
Ru
Sif Muna
Trog
Vehumet
Xom
Yredelemnul
Zin
The Shining One
Beogh
Jiyva

Shops:
D:5 (   D:6 [[   D:7 *   D:9 *=   D:14 =   Orc:2 *[:(

Annotations:
D:9 exclusion: oklob plant
D:15 exclusion: Roxanne, Roxanne
Swamp:3 exclusions: oklob plant and oklob sapling
Spider:4 Asterion


Innate Abilities, Weirdness & Mutations

You reflexively headbutt those who attack you in melee.
You have a pair of horns on your head.
You are agile. (Dex +2)


Message History

You are covered in liquid flames!
Unknown command.
Damage: 41 (max 45) Unknown command.
Asterion blocks your attack.
Asterion is heavily wounded.
You are covered in liquid flames!
The jumping spider leaps!
You block Asterion's attack. Asterion gores you but does no damage.
A tarantella comes into view.
Damage: 2 (max 45)
You slice Asterion!! Asterion blocks your attack.
Asterion is severely wounded.
You are covered in liquid flames!
Asterion hits you with a demon trident of electrocution!
You are electrocuted!
* * * LOW HITPOINT WARNING * * *
Asterion closely misses you.
Damage: 27 (max 45) Unknown command.
Read which item? (? for menu, Esc to quit)
Blink to where?
Press: ? - help, Dir - move target cursor, p - Asterion You are very lightly contaminated with residual magic.
As you read the scroll of blinking, it crumbles to dust.
You are covered in liquid flames!
* * * LOW HITPOINT WARNING * * *
The jumping spider leaps!
Damage: 6 (max 45) Drink which item? (? for menu, Esc to quit)
Really quaff
o - 5 potions of haste {!q}?
You feel yourself speed up.
You are covered in liquid flames!
* * * LOW HITPOINT WARNING * * *
Damage: 4 (max 45) Unknown command.
You are covered in liquid flames!
* * * LOW HITPOINT WARNING * * *
Damage: 4 (max 45)
You are covered in liquid flames!
You are covered in liquid flames!
The jumping spider pounces on you but does no damage.
You block the jumping spider's attack.
A wolf spider comes into view.
The jumping spider leaps!
The jumping spider leaps!
Asterion snorts and paws the ground.
Asterion conjures a destructive force in the name of Makhleb!
The iron shot hits you!
You die...

##............<..#).
#........s.(....#
##########.......#...#....
##..#.##.......H..#..(###s.
#......#.......^.##...# ..
#............§....##.## .
#.^...............#... .
##....#####.....##....
###......@....## ^..
#...........#.......
##..^.<§....#.... ..
#...........#.....
#.....#.....# ....
###..##.....# ..s
####......# ......# ..####


You could see Asterion and a tarantella.

Vanquished Creatures
  Saint Roka (Orc:2)
  Arachne (Spider:2)
  Nikola (Spider:1)
  Jorgrun (Swamp:2)
  Gastronok (Lair:1)
  Kirke (Lair:8)
  5 thorn hunters
  Donald (Swamp:2)
  The ghost of kak the Grand Gadgeteer, a journeyman DDAr of Pakellas (Spider:4)
  A ghost moth (Spider:2)
  Aizul (Swamp:2)
  An orc warlord (Orc:2)
  6 emperor scorpions
  The ghost of Foomius the Lord of Darkness, a journeyman DsNe of Kikubaaqudgha (D:14)
  2 very ugly things
  Nessos (D:15)
  Snorg (D:11)
  The ghost of yogakurto the Fighter, a journeyman VSBe of Trog (D:15)
  3 fire dragons
  A great orb of eyes (D:14)
  4 entropy weavers
  An ice dragon (Lair:7)
  Fannar (D:11)
  A ghost crab (Swamp:3)
  14 hydras
  5 centaur warriors
  A catoblepas (D:14)
  Erolcha (D:11)
  Erica (D:11)
  A tengu warrior (D:14)
  A death knight (D:12)
  9 death yaks
  9 alligators
  A queen ant (Lair:6)
  5 orc high priests (Orc:2)
  Urug (D:13)
  3 spriggan berserkers
  Sonja (Lair:2)
  Nergalle (Lair:2)
  The ghost of Tomstefer the Carver, a novice MiFi of Okawaru (Bailey)
  4 skeletal warriors
  5 spriggan druids
  13 swamp dragons
  A wizard (D:15)
  3 unseen horrors
  6 shambling mangroves
  9 hill giants
  A lindwurm (Lair:8)
  33 wolf spiders
  7 orc knights
  A griffon (Lair:8)
  A deep elf mage (D:15)
  16 ugly things
  27 orb spiders
  4 manticores
  8 orc sorcerers
  6 hornets
  5 cyclopes
  11 black mambas
  Joseph (D:7)
  5 elephants (Lair:7)
  A guardian serpent (Lair:8)
  22 spiny frogs
  A centaur zombie (D:14)
  2 torpor snails
  2 kobold demonologists (D:15)
  A gargoyle (D:14)
  12 komodo dragons
  A tengu conjurer (D:15)
  4 yaktaurs (D:15)
  14 demonic crawlers
  8 fire drakes
  2 polar bears
  9 trolls
  36 jumping spiders
  2 two-headed ogres
  6 giant leeches
  15 bog bodies
  12 slime creatures
  20 blink frogs
  3 boulder beetles
  A slime creature (shapeshifter) (D:14)
  4 shadows
  2 centaur simulacra
  3 wyverns
  56 redbacks
  6 spriggans
  25 tarantellas
  A human (D:7)
  4 basilisks
  41 yaks
  3 wraiths (D:14)
  6 hungry ghosts
  Grum (D:9)
  20 wolves
  A steam dragon (Lair:8)
  12 hippogriffs
  16 insubstantial wisps
  2 mottled dragons
  9 vampire mosquitoes
  22 swamp worms
  3 wargs
  18 soldier ants
  Duvessa (D:4)
  A hornet simulacrum (D:15)
  16 water moccasins
  23 porcupines
  18 swamp drakes
  A black bear (D:13)
  52 orc warriors
  5 sky beasts
  29 wasps
  3 phantoms
  9 ice beasts
  A necrophage (D:7)
  14 ogres
  5 centaurs
  20 crocodiles
  2 big kobolds
  30 giant frogs
  A gnoll sergeant (Orc:2)
  Dowan (D:4)
  A wyvern zombie (D:9)
  2 wyvern skeletons
  5 scorpions
  4 killer bees
  8 wights (D:13)
  12 crimson imps
  2 giant frog zombies
  2 jellies
  5 hounds
  25 orc wizards
  A giant frog skeleton (D:9)
  18 orc priests
  A gnoll shaman (D:4)
  2 centaur skeletons
  19 iguanas
  Terence (D:2)
  44 worker ants
  Natasha (twice) (D:2)
  9 hell rats
  8 sheep
  A worker ant zombie (D:6)
  27 gnolls
  23 adders
  42 river rats
  2 shadow imps
  3 white imps (Lair:7)
  2 oozes
  2 adder zombies
  An adder skeleton (D:4)
  4 worms
  10 giant geckos
  117 orcs
  4 giant cockroaches
  9 goblins
  8 hobgoblins
  6 jackals
  21 kobolds
  2 quokkas
  2 ball pythons
  8 bats
  2 giant gecko skeletons (D:9)
  2 giant newts
  A jackal zombie (D:7)
  A quokka skeleton (D:5)
  A quokka zombie (D:7)
  19 rats
  A briar patch (Swamp:4)
  2 fungi
  A plant (Lair:8)
1417 creatures vanquished.

Vanquished Creatures (others)
  Josephine (D:14)
  2 wolf spiders (Spider:1)
  3 jumping spiders
  A blink frog (Lair:8)
  A redback (Spider:1)
  A tarantella (Spider:2)
  5 humans (Lair:8)
  A soldier ant (Spider:1)
  A sky beast (D:10)
  3 briar patches
  A bush (D:9)
  22 fungi
  12 plants
  16 toadstools (D:9)
70 creatures vanquished.

Grand Total: 1487 creatures vanquished

Notes
Turn   | Place    | Note
--------------------------------------------------------------
     0 | D:1      | Gorice the Minotaur Wanderer began the quest for the Orb.
     0 | D:1      | Gorice set off with: a +2 spear, 2 potions of lignification {!q}, a +0 robe, a bread ration {!e}
     0 | D:1      | Reached XP level 1. HP: 18/18 MP: 0/0
    36 | D:1      | HP: 5/18 [hobgoblin (3)]
    38 | D:1      | Reached skill level 1 in Polearms
   461 | D:1      | Reached skill level 2 in Polearms
   470 | D:1      | Reached XP level 2. HP: 25/25 MP: 1/1
   898 | D:1      | Reached skill level 3 in Polearms
  1110 | D:2      | Noticed Natasha
  1111 | D:2      | Noticed a crimson imp
  1192 | D:2      | Found a snail-covered altar of Cheibriados.
  1234 | D:2      | Reached XP level 3. HP: 30/30 MP: 2/2
  1395 | D:2      | Noticed Terence
  1535 | D:2      | Killed Terence
  1535 | D:2      | Reached skill level 4 in Polearms
  1535 | D:2      | Reached XP level 4. HP: 32/37 MP: 3/3
  1651 | D:2      | Reached skill level 5 in Polearms
  1673 | D:2      | Killed Natasha
  1961 | D:2      | Found a shimmering altar of Xom.
  1968 | D:2      | Found a burning altar of Makhleb.
  2228 | D:2      | Noticed Natasha
  2245 | D:2      | Killed Natasha
  2245 | D:2      | Reached XP level 5. HP: 38/42 MP: 4/4
  2307 | D:2      | Found a shadowy altar of Dithmenos.
  2307 | D:2      | Found a white marble altar of Elyvilon.
  2485 | D:3      | Reached skill level 6 in Polearms
  2694 | D:3      | Reached skill level 4 in Armour
  2875 | D:3      | Found an iron altar of Okawaru.
  2880 | D:3      | Became a worshipper of Warmaster Okawaru
  3186 | D:2      | Reached XP level 6. HP: 39/50 MP: 5/5
  3404 | D:4      | Reached skill level 7 in Polearms
  3505 | D:4      | Noticed Duvessa
  3505 | D:4      | Noticed Dowan
  3541 | D:4      | Killed Duvessa
  3541 | D:4      | Reached skill level 5 in Armour
  3554 | D:4      | Killed Dowan
  3554 | D:4      | Reached XP level 7. HP: 56/56 MP: 6/6
  3679 | D:4      | Reached skill level 8 in Polearms
  3857 | D:4      | Reached * piety under Okawaru
  4127 | D:5      | Entered Level 5 of the Dungeon
  4183 | D:5      | Found a sparkling altar of Nemelex Xobeh.
  4224 | D:5      | Reached skill level 6 in Armour
  4387 | D:5      | Found Soery's Antique Weapon Shop.
  4602 | D:5      | Reached skill level 9 in Polearms
  4814 | D:5      | Reached XP level 8. HP: 58/62 MP: 7/7
  5078 | D:6      | Reached ** piety under Okawaru
  5114 | D:6      | Found Celyefev's Antique Armour Emporium.
  5147 | D:6      | Bought a pair of glowing gloves for 99 gold pieces
  5260 | D:6      | Found an oddly glowing altar of Pakellas.
  5373 | D:6      | Found Aniopuz's Armour Boutique.
  5620 | D:6      | Found a staircase to the Ecumenical Temple.
  5638 | Temple   | Entered the Ecumenical Temple
  5791 | D:7      | Noticed Joseph
  5803 | D:7      | Reached skill level 10 in Polearms
  5821 | D:7      | Killed Joseph
  5821 | D:7      | Reached skill level 7 in Armour
  6038 | D:7      | Reached skill level 11 in Polearms
  6074 | D:7      | Found a shattered altar of Ashenzari.
  6152 | D:7      | Reached skill level 8 in Armour
  6391 | D:7      | Reached *** piety under Okawaru
  6391 | D:7      | Reached XP level 9. HP: 68/68 MP: 8/8
  6432 | D:7      | Found Vatek's General Store.
  6542 | D:7      | Reached skill level 12 in Polearms
  7056 | D:8      | Reached skill level 9 in Armour
  7076 | D:8      | Found a basalt altar of Yredelemnul.
  7515 | D:8      | Found a bloodstained altar of Trog.
  7552 | D:8      | Reached **** piety under Okawaru
  7752 | D:9      | Reached skill level 13 in Polearms
  7825 | D:9      | Found Gedah's Assorted Antiques.
  7827 | D:9      | Noticed Grum
  7834 | D:9      | Received a gift from Okawaru
  7849 | D:9      | Killed Grum
  7855 | D:9      | Reached skill level 10 in Armour
  7907 | D:9      | HP: 17/68 [giant frog (6)]
  7913 | D:9      | Reached XP level 10. HP: 33/74 MP: 6/9
  7934 | D:9      | Bought a scroll labeled QYXOMAG XERIPS for 25 gold pieces
  7934 | D:9      | Bought a scroll labeled AMUBIO YBOA for 25 gold pieces
  7934 | D:9      | Bought a purple potion for 22 gold pieces
  7950 | D:9      | Found Wiablaj's Jewellery Boutique.
  8213 | D:9      | Found a blossoming altar of Fedhas.
  8249 | D:9      | Noticed an oklob plant
  8356 | D:9      | Noticed a hill giant
  8382 | D:9      | Killed a hill giant
  8382 | D:9      | Reached ***** piety under Okawaru
  8382 | D:9      | Reached skill level 14 in Polearms
  8382 | D:9      | Reached skill level 1 in Invocations
  8532 | D:9      | HP: 20/74 [something (7)]
  8551 | D:9      | Killed an unseen horror
  8551 | D:9      | Received a gift from Okawaru
  8551 | D:9      | Reached skill level 2 in Invocations
  9060 | D:9      | Found a radiant altar of Vehumet.
  9062 | D:9      | Found an ancient bone altar of Kikubaaqudgha.
  9062 | D:9      | Found a deep blue altar of Sif Muna.
  9066 | D:9      | Reached skill level 11 in Armour
  9077 | D:9      | Identified Sif Muna's Papyrus of Hexes (You found it on level 9 of the Dungeon)
  9097 | D:9      | Identified Vehumet's Compendium of Conjuration
  9119 | D:9      | Identified Kikubaaqudgha's Papyrus of Unholy Rites (You found it on level 9 of the Dungeon)
  9145 | D:9      | Reached skill level 3 in Invocations
  9166 | D:9      | Got a crude turquoise ring
  9168 | D:9      | Identified the ring "Meqimnum" {Wiz Dex+7} (You found it on level 9 of the Dungeon)
  9317 | D:10     | Entered Level 10 of the Dungeon
  9369 | D:10     | Found a glowing golden altar of the Shining One.
  9556 | D:10     | Noticed a centaur warrior
  9579 | D:10     | Killed a centaur warrior
  9579 | D:10     | Reached skill level 15 in Polearms
  9588 | D:10     | Identified the Volume of Snow
  9830 | D:10     | Reached skill level 4 in Invocations
  9838 | D:10     | Found a staircase to the Lair.
  9929 | D:10     | Reached XP level 11. HP: 80/80 MP: 13/13
 10098 | D:10     | Received a gift from Okawaru
 10710 | Lair:1   | Entered Level 1 of the Lair of Beasts
 10927 | Lair:1   | Noticed Gastronok
 11096 | Lair:1   | Killed Gastronok
 11096 | Lair:1   | Reached skill level 16 in Polearms
 11096 | Lair:1   | Reached skill level 5 in Invocations
 11218 | Lair:1   | Reached skill level 12 in Armour
 11235 | Lair:1   | Reached skill level 3 in Fighting
 11432 | Lair:1   | Received a gift from Okawaru
 11432 | Lair:1   | Reached skill level 4 in Fighting
 11438 | Lair:1   | Reached skill level 6 in Invocations
 11950 | Lair:1   | Reached skill level 5 in Fighting
 12338 | Lair:2   | Noticed Sonja
 12362 | Lair:2   | Killed Sonja
 12362 | Lair:2   | Reached XP level 12. HP: 65/94 MP: 16/16
 12462 | Lair:2   | Noticed Nergalle
 12468 | Lair:2   | Reached skill level 7 in Invocations
 12479 | Lair:2   | Killed Nergalle
 12479 | Lair:2   | Reached skill level 6 in Fighting
 12509 | Lair:2   | Reached skill level 13 in Armour
 13080 | Lair:3   | Found a staircase to the Swamp.
 13096 | Lair:3   | Reached skill level 11 in Fighting
 13096 | Lair:3   | Reached XP level 13. HP: 68/116 MP: 17/17
 13127 | Lair:3   | Got a faintly humming plate armour
 13138 | Lair:3   | Identified the cursed +0 plate armour of the Bard {Slay+3} (You found it on level 3 of the Lair of Beasts)
 13602 | Lair:3   | Reached skill level 8 in Invocations
 14031 | Lair:3   | Upgraded the game from 0.18-a0-1300-g6e8322c to 0.18-a0-1303-g41c131c
 14069 | Lair:4   | Reached skill level 1 in Dodging
 14296 | Lair:4   | Reached skill level 12 in Fighting
 14296 | Lair:4   | Reached skill level 2 in Dodging
 14389 | Lair:4   | Received a gift from Okawaru
 15061 | Lair:5   | Reached skill level 3 in Dodging
 15566 | Lair:5   | Reached ****** piety under Okawaru
 16100 | Lair:6   | Reached skill level 4 in Dodging
 16178 | Lair:6   | Reached skill level 14 in Armour
 16681 | Lair:6   | Found a hole to the Spider Nest.
 16741 | Lair:6   | Reached skill level 5 in Dodging
 17843 | Lair:7   | Reached skill level 13 in Fighting
 17843 | Lair:7   | Reached XP level 14. HP: 119/129 MP: 19/19
 17857 | Lair:7   | Received a gift from Okawaru
 17964 | Lair:7   | Reached skill level 6 in Dodging
 18466 | Lair:7   | Received a gift from Okawaru
 18568 | Lair:7   | Reached skill level 7 in Dodging
 18925 | Lair:4   | Reached skill level 15 in Armour
 19249 | Lair:8   | Entered Level 8 of the Lair of Beasts
 19333 | Lair:8   | Found a staircase to the Slime Pits.
 19340 | Lair:8   | Found a viscous altar of Jiyva.
 19975 | Lair:8   | Reached skill level 14 in Fighting
 20152 | Lair:8   | Reached skill level 8 in Dodging
 20416 | Lair:8   | Noticed Kirke
 20425 | Lair:8   | Killed Kirke
 20438 | Lair:8   | Reached skill level 9 in Dodging
 20753 | Lair:8   | Received a gift from Okawaru
 20771 | Lair:8   | Reached skill level 16 in Armour
 21240 | Lair:8   | Reached XP level 15. HP: 110/139 MP: 18/20
 21399 | Lair:8   | Reached skill level 15 in Fighting
 21712 | Lair:1   | Identified a scroll of acquirement
 21768 | D:11     | Found an ancient bone altar of Kikubaaqudgha.
 21941 | D:11     | Noticed Fannar
 21950 | D:11     | Killed Fannar
 21992 | D:11     | Noticed Snorg
 22000 | D:11     | Killed Snorg
 22041 | D:11     | Noticed Erica
 22048 | D:11     | Killed Erica
 22214 | D:11     | Received a gift from Okawaru
 22215 | D:11     | Got a scorched plate armour {god gift}
 22246 | D:10     | Identified the +2 plate armour of the Hidden Vale {*Corrode Str+5 Dex+4} (Okawaru gifted it to you on level 11 of the Dungeon)
 22295 | D:11     | Noticed Erolcha
 22325 | D:11     | Killed Erolcha
 22657 | D:12     | Reached skill level 10 in Dodging
 22716 | D:12     | HP: 36/141 [something (8)]
 22914 | D:12     | Found a flagged portal.
 22927 | Bailey   | Entered a bailey
 23201 | Bailey   | Noticed Tomstefer's ghost (novice MiFi)
 23379 | Bailey   | Killed Tomstefer's ghost
 24283 | D:12     | Identified a cursed +0 rod of ignition (10/10) (You found it on level 12 of the Dungeon)
 24375 | D:12     | Found a staircase to the Orcish Mines.
 24688 | Orc:1    | Entered Level 1 of the Orcish Mines
 24756 | Orc:1    | Paralysed by an orc sorcerer for 7 turns
 25177 | Orc:2    | Entered Level 2 of the Orcish Mines
 25414 | Orc:2    | Paralysed by an orc sorcerer for 7 turns
 25415 | Orc:2    | Noticed Saint Roka
 25418 | Orc:2    | HP: 40/141 [sixfirhy[an orc high priest] (8)]
 25419 | Orc:2    | HP: 12/141 [Saint Roka/divine providence (12)]
 26309 | D:13     | Noticed Urug
 26332 | D:13     | Killed Urug
 26533 | D:13     | Found a gate to the Vaults.
 26582 | D:13     | Gained mutation: You are agile. (Dex +2) [potion of beneficial mutation]
 26851 | D:14     | Reached skill level 17 in Polearms
 27037 | D:14     | Received a gift from Okawaru
 27039 | D:14     | Got a crude scale mail {god gift}
 27093 | D:14     | Noticed Josephine
 27113 | D:14     | Killed Josephine
 27171 | D:14     | Paralysed by a great orb of eyes for 6 turns
 27179 | D:14     | Reached skill level 17 in Armour
 27179 | D:14     | Reached skill level 11 in Dodging
 27505 | D:14     | Identified the +3 scale mail of the Journeyman {rF+} (Okawaru gifted it to you on level 14 of the Dungeon)
 27974 | D:14     | Noticed Foomius's ghost (journeyman DsNe)
 28002 | D:14     | Killed Foomius's ghost
 28153 | D:14     | Reached skill level 16 in Fighting
 28225 | D:14     | Found Zenod's Jewellery Boutique.
 28264 | D:14     | Bought an uncursed ring of protection from magic for 475 gold pieces
 28814 | D:15     | Entered Level 15 of the Dungeon
 28864 | D:15     | Noticed Roxanne
 28882 | D:15     | Noticed yogakurto's ghost (journeyman VSBe)
 28906 | D:15     | Killed yogakurto's ghost
 28965 | D:15     | Reached XP level 16. HP: 145/151 MP: 21/21
 29565 | D:15     | Found a roughly hewn altar of Beogh.
 29816 | D:15     | Found a staircase to the Depths.
 29999 | D:15     | Noticed Nessos
 30010 | D:15     | Killed Nessos
 30028 | D:15     | Received a gift from Okawaru
 30029 | D:15     | Got an ancient glaive {god gift}
 30052 | D:15     | Identified the +2 glaive of Untruth {speed, rElec rF- Int+4 Dex+2} (Okawaru gifted it to you on level 15 of the Dungeon)
 30794 | Orc:2    | Found Test's Antique Weapon Emporium.
 30957 | Orc:2    | Found a staircase to the Elven Halls.
 30992 | Orc:2    | HP: 40/152 [Saint Roka/uncursed great sword of holy wrath (19)]
 30998 | Orc:2    | HP: 40/152 [Saint Roka/uncursed great sword of holy wrath (19)]
 31000 | Orc:2    | Killed Saint Roka
 31000 | Orc:2    | Reached skill level 12 in Dodging
 31017 | Orc:2    | --A worthy opponent!
 31458 | Orc:2    | Reached skill level 18 in Polearms
 31523 | Orc:2    | Found Oderph's Antique Armour Emporium.
 31787 | Orc:2    | Found Gout's Book Boutique.
 32034 | Orc:2    | Reached skill level 18 in Armour
 32141 | Orc:2    | Found Wifeh's General Store.
 32154 | Orc:2    | Bought a scroll of identify for 24 gold pieces
 32154 | Orc:2    | Bought a potion of heal wounds for 60 gold pieces
 32753 | D:6      | Bought the +8 orange crystal plate armour {Archmagi, Int+3 Clar SustAt} for 2053 gold pieces
 33055 | Spider:1 | Entered Level 1 of the Spider Nest
 33143 | Spider:1 | Received a gift from Okawaru
 33143 | Spider:1 | Reached skill level 17 in Fighting
 33421 | Lair:6   | Reached skill level 3 in Throwing
 33635 | Spider:1 | Received a gift from Okawaru
 33845 | Spider:1 | Received a gift from Okawaru
 34159 | Spider:1 | Noticed Nikola
 34178 | Spider:1 | Killed Nikola
 34178 | Spider:1 | Reached skill level 13 in Dodging
 34178 | Spider:1 | Reached XP level 17. HP: 155/161 MP: 20/22
 34602 | Spider:1 | Reached skill level 4 in Throwing
 34699 | Spider:1 | Found a roughly hewn altar of Beogh.
 34810 | Spider:2 | Noticed Arachne
 34828 | Spider:2 | Killed Arachne
 34891 | Spider:2 | Reached skill level 5 in Throwing
 35842 | Spider:1 | Received a gift from Okawaru
 35955 | Spider:1 | Reached skill level 18 in Fighting
 36365 | Spider:1 | Received a gift from Okawaru
 36526 | Spider:2 | Reached skill level 6 in Throwing
 36589 | Spider:2 | Received a gift from Okawaru
 36590 | Spider:2 | Got a sheer robe {god gift}
 36817 | Spider:2 | Reached skill level 19 in Polearms
 37027 | Spider:2 | Reached skill level 14 in Dodging
 37180 | Spider:2 | HP: 49/165 [poisoned by a wolf spider]
 37185 | Spider:2 | HP: 44/165 [poisoned by a wolf spider]
 37190 | Spider:2 | HP: 39/165 [poisoned by a wolf spider]
 37195 | Spider:2 | HP: 36/165 [poisoned by a wolf spider]
 37201 | Spider:2 | HP: 34/165 [poisoned by a wolf spider]
 37208 | Spider:2 | HP: 33/165 [poisoned by a wolf spider]
 37215 | Spider:2 | HP: 34/165 [poisoned by a wolf spider]
 37223 | Spider:2 | HP: 35/165 [poisoned by a wolf spider]
 38279 | Spider:3 | Reached skill level 7 in Throwing
 38294 | Spider:3 | Reached XP level 18. HP: 171/173 MP: 23/23
 38384 | Spider:3 | Upgraded the game from 0.18-a0-1303-g41c131c to 0.18-a0-1311-g779ca93
 38851 | Swamp:1  | Entered Level 1 of the Swamp
 39619 | Swamp:2  | Noticed Aizul
 39634 | Swamp:2  | Killed Aizul
 39634 | Swamp:2  | Received a gift from Okawaru
 40132 | Swamp:2  | Reached skill level 8 in Throwing
 40149 | Swamp:2  | Noticed Jorgrun
 40175 | Swamp:2  | Killed Jorgrun
 40428 | Swamp:2  | Noticed Donald
 40441 | Swamp:2  | Killed Donald
 41011 | Swamp:2  | Reached skill level 19 in Fighting
 41082 | Swamp:3  | Received a gift from Okawaru
 41343 | Swamp:3  | Reached skill level 9 in Throwing
 41343 | Swamp:3  | Reached skill level 15 in Dodging
 41886 | Swamp:3  | Received a gift from Okawaru
 42163 | Swamp:4  | Entered Level 4 of the Swamp
 42496 | Swamp:4  | Reached skill level 1 in Evocations
 42510 | Swamp:4  | Reached skill level 20 in Polearms
 42783 | Swamp:4  | Received a gift from Okawaru
 42783 | Swamp:4  | Reached skill level 2 in Evocations
 43107 | Swamp:4  | Got a decaying rune of Zot
 43856 | Spider:4 | Entered Level 4 of the Spider Nest
 43873 | Spider:4 | Noticed kak's ghost (journeyman DDAr)
 43887 | Spider:4 | Killed kak's ghost
 43887 | Spider:4 | Reached XP level 19. HP: 181/183 MP: 24/24
 43948 | Spider:4 | Reached skill level 3 in Evocations
 43954 | Spider:4 | Noticed Asterion
 43964 | Spider:4 | HP: 43/183 [Asterion/demon trident of electrocution (13)]
 43971 | Spider:4 | Killed from afar by Asterion

Vault maps used:
D:1:      dpeg_arrival_pits, nrook_mini_backslash
D:2:      amethyst_overflow_temple_binary, cheibriados_altar_1,
          gammafunk_temple_overflow_elements, first_bread, patterned_corridor,
          uniq_natasha, uniq_terence
D:3:      okawaru_ov_weapons_minmay, kennysheep_generic_room_14
D:4:      st_stairs_13, uniq_duvessa
D:5:      nemelex_xobeh_ov_fountains_minmay, serial_shops, shop
D:6:      grunt_pakellas_basics, minmay_temple_entry_nine_rooms, serial_shops,
          nicolae_shop_stone, shop
D:7:      serial_shops, nicolae_shop_crystal, grunt_livestock,
          cheibrodos_ashenzari_chains, uniq_joseph
D:8:      yredelemnul_altar_generic, nicolae_overflow_hidden_temple
D:9:      hangedman_cross_stitches, grunt_temple_overflow_magic_moments,
          tgw_fedhas, serial_shops, shop,
          nicolae_shop_temple_entry_statues_fountains, uniq_grum
D:10:     minmay_tri_box, minmay_lair_entry_lava, corexii_leaking_fountain,
          tso_metal_star
D:11:     grunt_ministairs_14, small_statue_intersection, nicolae_two_hexagons,
          kennysheep_nondescript, lemuel_hellish_altar, uniq_snorg, uniq_erica,
          uniq_erolcha, uniq_fannar
D:12:     minmay_cut_squares, orc_0_dummy, enter_bailey_3
D:13:     david_vaults_4, uniq_urug
D:14:     wad_mega_maze, kennysheep_minor_cross, kennysheep_small_square,
          uniq_josephine
D:15:     grunt_enter_depths_hoard, nicolae_water_bricks, special_room,
          uniq_roxanne, uniq_nessos
Temple:   hc_temple_tempest_star_small
Lair:1:   grunt_megastairs_5, infiniplex_staircase_pool_2, uniq_gastronok
Lair:2:   beast_lair_carwin_8, uniq_sonja, uniq_nergalle
Lair:3:   swamp_mist, minivault_25
Lair:6:   kennysheep_abandoned_house, spider_nest_entry_webs
Lair:7:   minivault_23, bobbens_ice_dragon_lair
Lair:8:   guppyfry_lair_end_dragon, hangedman_lair_tendril_chambers,
          slime_altar_1, eino_small_chamber_without_monster,
          serial_bayou_pond_a, uniq_kirke
Swamp:1:  hangedman_swamp_pad, swamp_pool1
Swamp:2:  cheibrodos_swamp_heart_of_darkness, evilmike_swamp_ruin_house_6,
          uniq_aizul, uniq_jorgrun, uniq_donald
Swamp:3:  nicolae_swamp_phyte_club, evilmike_swamp_ruin_rubble_1, swamp_pool3,
          infiniplex_staircase_pool
Swamp:4:  swamp_basic_johnstein, swamp_pool1
Spider:1: nicolae_spider_mines_2, zaba_antful_of_joy,
          hangedman_spider_tarantella_strand, uniq_nikola
Spider:2: nicolae_spider_corner, spider_trap, uniq_arachne
Spider:4: spider_rune_water, uniq_asterion
Orc:2:    grunt_orc_gardens, grunt_orc_garden, grunt_orc_garden,
          grunt_orc_garden, grunt_orc_garden, mines2_lemuel, uniq_saint_roka
Bailey:   bailey_polearm_5, bailey

Action                   |  1- 3 |  4- 6 |  7- 9 | 10-12 | 13-15 | 16-18 | 19-21 || total
-------------------------+-------+-------+-------+-------+-------+-------+-------++-------
Melee: Spear             |    86 |   206 |   331 |     7 |     5 |       |       ||   635
       Halberd           |       |       |   119 |   467 |   733 |       |       ||  1319
       Glaive            |       |       |       |       |   566 |  1808 |     8 ||  2382
       Trident           |       |       |       |       |     3 |    45 |       ||    48
 Fire: Hunting sling     |       |       |     6 |     8 |       |       |       ||    14
       Blowgun           |       |       |       |     4 |       |       |       ||     4
Throw: Stone             |     3 |    13 |       |       |       |       |       ||    16
       Tomahawk          |       |       |     6 |    16 |    72 |    26 |       ||   120
       Javelin           |       |       |       |       |    14 |   115 |    12 ||   141
       Throwing net      |       |       |       |       |       |     1 |       ||     1
Invok: Heroism           |       |       |     2 |     7 |    10 |     8 |     1 ||    28
       Finesse           |       |       |       |       |     3 |     1 |       ||     4
Evoke: Wand              |       |       |       |     6 |     5 |     1 |       ||    12
  Use: Scroll            |     6 |     6 |     6 |    10 |    13 |     5 |     1 ||    47
       Potion            |       |     1 |     1 |     2 |     4 |     4 |     1 ||    13
 Stab: Confused          |       |       |       |     1 |       |       |       ||     1
       Distracted        |       |       |       |       |     1 |     1 |       ||     2
  Eat: Chunk             |     2 |     6 |    17 |    17 |    48 |    31 |       ||   121
       Beef jerky        |       |       |     1 |       |       |       |       ||     1
       Bread ration      |       |       |       |       |     1 |     3 |       ||     4
       Pizza             |       |       |       |       |       |     4 |       ||     4

Table legend:
 A = Turns spent in this place as a percentage of turns spent in the entire game.
 B = Non-inter-level travel turns spent in this place as a percentage of non-inter-level travel turns spent in the entire game.
 C = Inter-level travel turns spent in this place as a percentage of turns spent in this place.
 D = Turns resting spent in this place as a percentage of non-inter-level travel turns spent in this place.
 E = Turns spent auto-exploring this place as a percentage of non-inter-level travel turns spent in this place.
 F = Non-inter-level travel turns spent in this place divided by the number of levels of this place that you've seen.
                   A       B       C       D       E      F
               +-------+-------+-------+-------+-------+----------------------
         Total | 100.0 | 100.0 |   0.7 |   1.8 |   4.9 | 446.5
       Dungeon |  40.0 |  40.0 |   0.6 |   1.9 |   6.0 | 417.0
        Temple |   0.1 |   0.1 |   9.1 |   0.0 |  90.0 |  10.0
          Lair |  24.8 |  24.6 |   1.2 |   1.5 |   5.4 | 481.4
         Swamp |  11.0 |  11.0 |   0.5 |   1.7 |   5.8 | 431.0
   Spider Nest |  13.8 |  13.8 |   0.5 |   2.4 |   2.5 | 541.0
  Orcish Mines |   8.0 |   8.1 |   0.4 |   2.4 |   1.7 | 630.0
        Bailey |   2.3 |   2.3 |   0.0 |   1.1 |   0.0 | 363.0
               +-------+-------+-------+-------+-------+----------------------

Vault maps used:
D:1:      dpeg_arrival_pits, nrook_mini_backslash
D:2:      amethyst_overflow_temple_binary, cheibriados_altar_1,
          gammafunk_temple_overflow_elements, first_bread, patterned_corridor,
          uniq_natasha, uniq_terence
D:3:      okawaru_ov_weapons_minmay, kennysheep_generic_room_14
D:4:      st_stairs_13, uniq_duvessa
D:5:      nemelex_xobeh_ov_fountains_minmay, serial_shops, shop
D:6:      grunt_pakellas_basics, minmay_temple_entry_nine_rooms, serial_shops,
          nicolae_shop_stone, shop
D:7:      serial_shops, nicolae_shop_crystal, grunt_livestock,
          cheibrodos_ashenzari_chains, uniq_joseph
D:8:      yredelemnul_altar_generic, nicolae_overflow_hidden_temple
D:9:      hangedman_cross_stitches, grunt_temple_overflow_magic_moments,
          tgw_fedhas, serial_shops, shop,
          nicolae_shop_temple_entry_statues_fountains, uniq_grum
D:10:     minmay_tri_box, minmay_lair_entry_lava, corexii_leaking_fountain,
          tso_metal_star
D:11:     grunt_ministairs_14, small_statue_intersection, nicolae_two_hexagons,
          kennysheep_nondescript, lemuel_hellish_altar, uniq_snorg, uniq_erica,
          uniq_erolcha, uniq_fannar
D:12:     minmay_cut_squares, orc_0_dummy, enter_bailey_3
D:13:     david_vaults_4, uniq_urug
D:14:     wad_mega_maze, kennysheep_minor_cross, kennysheep_small_square,
          uniq_josephine
D:15:     grunt_enter_depths_hoard, nicolae_water_bricks, special_room,
          uniq_roxanne, uniq_nessos
Temple:   hc_temple_tempest_star_small
Lair:1:   grunt_megastairs_5, infiniplex_staircase_pool_2, uniq_gastronok
Lair:2:   beast_lair_carwin_8, uniq_sonja, uniq_nergalle
Lair:3:   swamp_mist, minivault_25
Lair:6:   kennysheep_abandoned_house, spider_nest_entry_webs
Lair:7:   minivault_23, bobbens_ice_dragon_lair
Lair:8:   guppyfry_lair_end_dragon, hangedman_lair_tendril_chambers,
          slime_altar_1, eino_small_chamber_without_monster,
          serial_bayou_pond_a, uniq_kirke
Swamp:1:  hangedman_swamp_pad, swamp_pool1
Swamp:2:  cheibrodos_swamp_heart_of_darkness, evilmike_swamp_ruin_house_6,
          uniq_aizul, uniq_jorgrun, uniq_donald
Swamp:3:  nicolae_swamp_phyte_club, evilmike_swamp_ruin_rubble_1, swamp_pool3,
          infiniplex_staircase_pool
Swamp:4:  swamp_basic_johnstein, swamp_pool1
Spider:1: nicolae_spider_mines_2, zaba_antful_of_joy,
          hangedman_spider_tarantella_strand, uniq_nikola
Spider:2: nicolae_spider_corner, spider_trap, uniq_arachne
Spider:4: spider_rune_water, uniq_asterion
Orc:2:    grunt_orc_gardens, grunt_orc_garden, grunt_orc_garden,
          grunt_orc_garden, grunt_orc_garden, mines2_lemuel, uniq_saint_roka
Bailey:   bailey_polearm_5, bailey
